 Dungeon Sprint DCSS version 0.26-a0-660-gc07710193c (webtiles) character file.

Game seed: 566174903284260473

140 rocky1 the Poker (level 5, -9/44 HPs)
             Began as a Merfolk Warper on Oct 8, 2020.
             Was an Elder of Cheibriados.
             Mangled by Prince Ribbit (15 damage)
             ... in the Dungeon (Sprint VII: "The Pits").
             The game lasted 00:02:54 (981 turns).

rocky1 the Poker (Merfolk Warper)                    Turns: 981, Time: 00:02:54

Health: -9/44      AC:  3    Str: 22    XL:     5   Next: 22%
Magic:  11/11      EV: 17    Int: 22    God:    Cheibriados [****..]
Gold:   0          SH:  0    Dex: 24    Spells: 12/12 levels left

rFire    . . .     SeeInvis .   o - +2 trident (vorpal)
rCold    . . .     Faith    .   (no shield)
rNeg     . . .     Spirit   .   b - +0 leather armour
rPois    .         Reflect  .   (no helmet)
rElec    .         Harm     .   (no cloak)
rCorr    .         Rampage  .   (no gloves)
MR       .....     NoTele   +   (no boots)
Stlth    ++........             (no amulet)
HPRegen  0.14/turn              (no ring)
MPRegen  0.12/turn              (no ring)

@: very slow
A: change form in water, swift swim, stealthy swim
a: Bend Time, Temporal Distortion, Slouch, Renounce Religion


You were in the Dungeon.
You worshipped Cheibriados.
Cheibriados was greatly pleased with you.
You visited 1 branch

Inventory:

Hand Weapons
 o - a +2 vorpal trident (weapon)
Missiles
 e - 5 boomerangs of dispersal (quivered)
Armour
 b - a +0 leather armour (worn)
Scrolls
 d - 2 scrolls of blinking
 k - 3 scrolls of remove curse
 l - 5 scrolls of amnesia
 m - a scroll of summoning
Potions
 c - 2 potions of invisibility
 f - 6 potions of curing
 g - 4 potions of heal wounds
 i - 4 potions of magic


   Skills:
 + Level 5.2 Fighting
 + Level 7.8 Polearms
 + Level 1.4 Throwing
 + Level 3.4 Armour
 + Level 5.6 Dodging
 + Level 0.1 Stealth
 + Level 4.2 Spellcasting
   Level 2.4 Translocations


You had 12 spell levels left.
You didn't know any spells.
Your spell library contained the following spells:

 Spells                   Type           Power        Failure   Level
 Blink                    Tloc           N/A          7%          2
 Gell's Gravitas          Tloc           ###.......   14%         3
 Lesser Beckoning         Tloc           ###.......   14%         3
 Teleport Other           Tloc           ###.....     14%         3
 Passage of Golubria      Tloc           N/A          43%         4


Dungeon Overview and Level Annotations

Branches:
Dungeon (1/1)

Altars:
Ashenzari
Cheibriados
Dithmenos
Elyvilon
Fedhas
Gozag
Hepliaklqana
Kikubaaqudgha
Makhleb
Nemelex Xobeh
Okawaru
Qazlal
Ru
Sif Muna
Trog
Uskayaw
Vehumet
Wu Jian
Xom
Yredelemnul
Zin
The Shining One
Beogh
Jiyva
Lugonu

Annotations:
D Prince Ribbit


Message History

The sky beast hits you. The sky beast shocks you. The gnoll closely misses you.
You hit the sky beast but do no damage.
The sky beast is severely wounded.
Prince Ribbit blinks!
The sky beast hits you. The sky beast shocks you.
The gnoll hits you from afar with a +0 spear!
* * * LOW HITPOINT WARNING * * *
You puncture the sky beast!
You kill the sky beast!
Cheibriados thoroughly appreciates the change of pace.
Cheibriados raises the support of your attributes as your movement slows.
Your Fighting skill increases to level 5!
Your Polearms skill gained 2 levels and is now at level 7!
Your Armour skill gained 2 levels and is now at level 3!
Your Dodging skill increases to level 5!
Your Spellcasting skill increases to level 4!
You have reached level 4!
You have reached level 5!
You feel agile. The gnoll misses you. Prince Ribbit hits you!
You die...

##########.##.....
#...........'.....
#'#####)#####.....
#.#..#...'.##.....
#.#..#...#.#####'#
#.#..#####.##.....
#.#..'..)#.##.....
#F#..'...'.##.....
#@#..########...<.
#.#..'[))).##.....
#g#..#[))).##.....
#g###########.....
#.....ยง@# ######
#...#...# #...# .#
#.##. #.. #r


You could see Prince Ribbit, a gnoll and a hobgoblin.

Vanquished Creatures
  A sky beast (D)
  Jessica (D)
  An ufetubus (D)
  An ooze (D)
  An adder zombie (D)
  An orc (D)
  2 jackals (D)
  A kobold (D)
  A quokka (D)
  A ball python (D)
  A frilled lizard (D)
12 creatures vanquished.

Notes
Turn   | Place    | Note
-------+----------+-------------------------------------------
     0 | D        | rocky1 the Merfolk Warper began the quest for the Orb.
     0 | D        | Reached XP level 1. HP: 16/16 MP: 3/3
    23 | D        | Found a bloodstained altar of Trog.
    23 | D        | Found a shimmering blue altar of Sif Muna.
    23 | D        | Found a viscous altar of Jiyva.
    23 | D        | Found a hazy altar of Hepliaklqana.
    23 | D        | Found an opulent altar of Gozag.
    24 | D        | Found a glowing golden altar of the Shining One.
    24 | D        | Found a glowing silver altar of Zin.
    24 | D        | Found a basalt altar of Yredelemnul.
    24 | D        | Found a shimmering altar of Xom.
    24 | D        | Found an ornate altar of the Wu Jian Council.
    24 | D        | Found a sacrificial altar of Ru.
    24 | D        | Found a stormy altar of Qazlal.
    24 | D        | Found an iron altar of Okawaru.
    24 | D        | Found a sparkling altar of Nemelex Xobeh.
    24 | D        | Found a burning altar of Makhleb.
    24 | D        | Found a blossoming altar of Fedhas.
    24 | D        | Found a white marble altar of Elyvilon.
    24 | D        | Found a shadowy altar of Dithmenos.
    24 | D        | Found a snail-covered altar of Cheibriados.
    26 | D        | Found a radiant altar of Vehumet.
    26 | D        | Found a corrupted altar of Lugonu.
    26 | D        | Found a roughly hewn altar of Beogh.
    27 | D        | Found a hide-covered altar of Uskayaw.
    27 | D        | Found an ancient bone altar of Kikubaaqudgha.
    27 | D        | Found a broken altar of Ashenzari.
    39 | D        | Became a worshipper of Cheibriados the Contemplative
    85 | D        | Reached skill level 4 in Polearms
    85 | D        | Reached XP level 2. HP: 4/24 MP: 5/5
    86 | D        | Reached * piety under Cheibriados
   437 | D        | Reached ** piety under Cheibriados
   461 | D        | Reached *** piety under Cheibriados
   466 | D        | Reached skill level 1 in Armour
   466 | D        | Reached XP level 3. HP: 7/29 MP: 8/8
   965 | D        | Noticed a sky beast
   966 | D        | Noticed Prince Ribbit
   966 | D        | Noticed Jessica
   975 | D        | Killed Jessica
   975 | D        | Reached **** piety under Cheibriados
   975 | D        | Reached skill level 5 in Polearms
   981 | D        | Killed a sky beast
   981 | D        | Reached skill level 5 in Fighting
   981 | D        | Reached skill level 7 in Polearms
   981 | D        | Reached skill level 5 in Dodging
   981 | D        | Reached XP level 4. HP: 5/39 MP: 10/10
   981 | D        | Reached XP level 5. HP: 6/44 MP: 11/11
   981 | D        | Mangled by Prince Ribbit

Illustrated notes

Levels and vault maps discovered:
D:        pitsprint [storerooms_1, entrance_room_1, metal_vault_6, armoury_3,
          mini_pit_1, grid_room_1, main_hall_1, silver_pit, the_coven_3,
          the_vestibule_1, steel_vault_3, golden_pit, hallway_of_sentries,
          crystal_vault_4, iron_vault_1, final_vault]

Skill      XL: |  1  2  3 |
---------------+----------+-----
Dodging        | 3 4 5 |  5.6
Fighting       | 3 5 |  5.2
Polearms       | 4 7 |  7.8
Spellcasting   | 3 4 |  4.2
Armour         | 1 3 |  3.4
Throwing       | |  1.4
Stealth        | |  0.1
Translocations | |  2.4

Action                   |  1- 3 |  4- 6 || total
-------------------------+-------+-------++-------
Melee: Spear             |     4 |       ||     4
       Trident           |    37 |       ||    37
  Use: Potion            |     2 |       ||     2
Armor: Leather armour    |    12 |       ||    12
Dodge: Dodged            |    48 |     1 ||    49

Table legend: (Time is in decaauts)
 A = Elapsed time spent in this place.
 B = Non-inter-level travel time spent in this place.
 C = Inter-level travel time spent in this place.
 D = Time resting spent in this place.
 E = Time spent auto-exploring this place.
 F = Levels seen in this place.
 G = Mean time per level.
                   A        B        C        D        E       F      G
               +--------+--------+--------+--------+--------+-----+--------+
         Total |   1038 |   1038 |      0 |    769 |      0 |   1 | 1038.0 |
       Dungeon |   1038 |   1038 |      0 |    769 |      0 |   1 | 1038.0 |
               +--------+--------+--------+--------+--------+-----+--------+

Top non-repeatable levels by time:
       D: 1038 daAuts
